UAA
DURHAM RAPIERS @ SANTA BARBARA STREAK
06/10/2017
 
TOP OF THE 1ST
Irving Blue Sox batting - Pitching for Huntington Beach Surf : RHP Hollis Young
Pitching: RHP Hollis Young
Batting: RHB Daniel Molina 0-0: Bunted foul
0-1: Ground out 4-3 (Groundball, 13)
Batting: RHB Pat Lugo 0-0: SINGLE (Groundball, 56D)
Batting: RHB Nathan Norris 0-0: Called Strike
0-1: Foul Ball, location: 2F
0-2: Grounds into double play, U6-3 (Groundball, 6M)
Top of the 1st over - 0 run(s), 1 hit(s), 0 error(s), 0 left on base; Irving 0 - Huntington Beach 0
BOTTOM OF THE 1ST
Huntington Beach Surf batting - Pitching for Irving Blue Sox : LHP Jim Unknown
Pitching: LHP Jim Unknown
Batting: RHB Keith Hatch 0-0: Ball
1-0: Ball
2-0: Foul Ball, location: 2F
2-1: Foul Ball, location: 2F
2-2: Foul Ball, location: 2F
2-2: Ball
3-2: Ground out 6-3 (Groundball, 56D)
Batting: RHB Pedro Morales 0-0: Called Strike
0-1: Swinging Strike
0-2: Fly out, F8 (Flyball, 8RS)
Batting: RHB James Peterson 0-0: Called Strike
0-1: Ground out 4-3 (Groundball, 4)
Bottom of the 1st over - 0 run(s), 0 hit(s), 0 error(s), 0 left on base; Irving 0 - Huntington Beach 0
TOP OF THE 2ND
Irving Blue Sox batting - Pitching for Huntington Beach Surf : RHP Hollis Young
Batting: RHB Jim Unknown 0-0: Ground out 5-3 (Groundball, 56S)
Batting: LHB Mathew Rose 0-0: Called Strike
0-1: Ball
1-1: Ball
2-1: Ball
3-1: Ground out 1-3 (Groundball, 15S)
Batting: RHB Dennis Newell 0-0: Swinging Strike
0-1: Foul Ball, location: 2F
0-2: SINGLE (Groundball, 4MD)
Batting: LHB Raymond Thomas 0-0: Swinging Strike
0-1: Foul Ball, location: 2F
0-2: Ball
1-2: Foul Ball, location: 2F
1-2: Ball
2-2: Ground out U3 (Groundball, 3L)
Top of the 2nd over - 0 run(s), 1 hit(s), 0 error(s), 1 left on base; Irving 0 - Huntington Beach 0
BOTTOM OF THE 2ND
Huntington Beach Surf batting - Pitching for Irving Blue Sox : LHP Jim Unknown
Batting: RHB Rafael Abreu 0-0: Ball
1-0: SINGLE (Line Drive, 9S)
Batting: RHB Dave Young 0-0: Ball
1-0: Foul Ball, location: 2F
1-1: Swinging Strike
1-2: SINGLE (Groundball, 56)
Rafael Abreu to second
Batting: LHB Jim Unknown 0-0: Ball
1-0: Foul Ball, location: 2F
1-1: Called Strike
1-2: Ball
2-2: Ball
3-2: Base on Balls
Rafael Abreu to third
Dave Young to second
Batting: RHB Barry Martínez 0-0: Ball
1-0: Fly out, F8 (Flyball, 8RM)
Throwing error, E8
Rafael Abreu scores
Dave Young to third
Jim Unknown to second
Batting: LHB Vince Gilhespie 0-0: Ball
1-0: Called Strike
1-1: Called Strike
1-2: Foul Ball, location: 2F
1-2: Foul Ball, location: 2F
1-2: Ball
2-2: SINGLE (Groundball, 4MD) (infield hit)
Dave Young scores
Jim Unknown to third
Batting: RHB Shaun Bowles 0-0: Ball
1-0: Ball
2-0: Ball
3-0: Called Strike
3-1: Base on Balls
Vince Gilhespie to second
Batting: RHB Keith Hatch 0-0: Called Strike
0-1: Grounds into double play, 6-4-3 (Groundball, 6)
Bottom of the 2nd over - 2 run(s), 3 hit(s), 1 error(s), 2 left on base; Irving 0 - Huntington Beach 2
TOP OF THE 3RD
Irving Blue Sox batting - Pitching for Huntington Beach Surf : RHP Hollis Young
Batting: RHB Thomas Morris 0-0: Called Strike
0-1: Ball
1-1: Fly out, F8 (Flyball, 8LS)
Batting: RHB Tony Quintana 0-0: Ball
1-0: Called Strike
1-1: Fly out, F8 (Flyball, 8LS)
Batting: RHB Daniel Molina 0-0: Called Strike
0-1: Foul Ball, location: 2F
0-2: Ball
1-2: Foul Ball, location: 2F
1-2: Strikes out looking
Top of the 3rd over - 0 run(s), 0 hit(s), 0 error(s), 0 left on base; Irving 0 - Huntington Beach 2
BOTTOM OF THE 3RD
Huntington Beach Surf batting - Pitching for Irving Blue Sox : LHP Jim Unknown
Batting: RHB Pedro Morales 0-0: Ball
1-0: Ball
2-0: Foul Ball, location: 2F
2-1: Fly out, F1 (Popup, 13S)
Batting: RHB James Peterson 0-0: Ball
1-0: Called Strike
1-1: Ball
2-1: Called Strike
2-2: Ball
3-2: Strikes out looking
Batting: RHB Rafael Abreu 0-0: Called Strike
0-1: Foul Ball, location: 2F
0-2: Ball
1-2: Ball
2-2: Fly out, F4 (Popup, 89S)
Bottom of the 3rd over - 0 run(s), 0 hit(s), 0 error(s), 0 left on base; Irving 0 - Huntington Beach 2
TOP OF THE 4TH
Irving Blue Sox batting - Pitching for Huntington Beach Surf : RHP Hollis Young
Batting: RHB Pat Lugo 0-0: Called Strike
0-1: Foul Ball, location: 2F
0-2: Ball
1-2: Ball
2-2: Ball
3-2: Base on Balls
Batting: RHB Nathan Norris 0-0: Called Strike
0-1: Foul Ball, location: 2F
0-2: Strikes out looking
Batting: RHB Jim Unknown 0-0: Ball
1-0: Foul Ball, location: 2F
1-1: Ball
2-1: Swinging Strike
2-2: Strikes out swinging
Batting: LHB Mathew Rose 0-0: SINGLE (Line Drive, 34)
Pat Lugo to second
Batting: RHB Dennis Newell 0-0: Ball
1-0: Ball
2-0: Called Strike
2-1: Ball
3-1: DOUBLE (Line Drive, 78M)
Pat Lugo scores
Mathew Rose to third
Batting: LHB Raymond Thomas 0-0: Called Strike
0-1: Ground out 1-3 (Groundball, 15)
Top of the 4th over - 1 run(s), 2 hit(s), 0 error(s), 2 left on base; Irving 1 - Huntington Beach 2
BOTTOM OF THE 4TH
Huntington Beach Surf batting - Pitching for Irving Blue Sox : LHP Jim Unknown
Batting: RHB Dave Young 0-0: Swinging Strike
0-1: Ball
1-1: Ball
2-1: Swinging Strike
2-2: Foul Ball, location: 2F
2-2: Strikes out swinging
Batting: LHB Jim Unknown 0-0: Foul Ball, location: 2F
0-1: Ball
1-1: Ball
2-1: Called Strike
2-2: Ground out 6-3 (Groundball, 6)
Batting: RHB Barry Martínez 0-0: Ball
1-0: Ball
2-0: Called Strike
2-1: Called Strike
2-2: Fly out, F6 (Popup, 6MD)
Bottom of the 4th over - 0 run(s), 0 hit(s), 0 error(s), 0 left on base; Irving 1 - Huntington Beach 2
TOP OF THE 5TH
Irving Blue Sox batting - Pitching for Huntington Beach Surf : RHP Hollis Young
Batting: RHB Thomas Morris 0-0: Ball
1-0: Ball
2-0: Bunted foul
2-1: Foul Ball, location: 2F
2-2: Ball
3-2: Foul Ball, location: 2F
3-2: Fly out, F8 (Flyball, 8RM)
Batting: RHB Tony Quintana 0-0: Ball
1-0: Ball
2-0: Ball
3-0: Called Strike
3-1: Foul Ball, location: 2F
3-2: Foul Ball, location: 2F
3-2: Fly out, F8 (Flyball, 8RM)
Batting: RHB Daniel Molina 0-0: Called Strike
0-1: Ball
1-1: Fly out, F4 (Popup, 4D)
Top of the 5th over - 0 run(s), 0 hit(s), 0 error(s), 0 left on base; Irving 1 - Huntington Beach 2
BOTTOM OF THE 5TH
Huntington Beach Surf batting - Pitching for Irving Blue Sox : LHP Jim Unknown
Batting: LHB Vince Gilhespie 0-0: Swinging Strike
0-1: Called Strike
0-2: Foul Ball, location: 2F
0-2: Ball
1-2: Ball
2-2: Foul Ball, location: 2F
2-2: Strikes out looking
Batting: RHB Shaun Bowles 0-0: Fly out, F8 (Flyball, 8LS)
Batting: RHB Keith Hatch 0-0: Ball
1-0: Swinging Strike
1-1: SINGLE (Flyball, 8RS)
Batting: RHB Pedro Morales 0-0: Called Strike
0-1: Foul Ball, location: 2F
0-2: Foul Ball, location: 2F
0-2: Ball
1-2: Strikes out looking
Bottom of the 5th over - 0 run(s), 1 hit(s), 0 error(s), 1 left on base; Irving 1 - Huntington Beach 2
TOP OF THE 6TH
Irving Blue Sox batting - Pitching for Huntington Beach Surf : RHP Hollis Young
Batting: RHB Pat Lugo 0-0: Called Strike
0-1: Foul Ball, location: 2F
0-2: SOLO HOME RUN (Flyball, 7D), Distance : 389 ft
Batting: RHB Nathan Norris 0-0: Ball
1-0: Ground out 3-1 (Groundball, 34)
Batting: RHB Jim Unknown 0-0: Called Strike
0-1: Fly out, F6 (Popup, 6MD)
Batting: LHB Mathew Rose 0-0: Called Strike
0-1: Ball
1-1: SINGLE (Flyball, 8LS)
Batting: RHB Dennis Newell 0-0: Called Strike
0-1: Fly out, F4 (Line Drive, 4)
Top of the 6th over - 1 run(s), 2 hit(s), 0 error(s), 1 left on base; Irving 2 - Huntington Beach 2
BOTTOM OF THE 6TH
Huntington Beach Surf batting - Pitching for Irving Blue Sox : LHP Jim Unknown
Batting: RHB James Peterson 0-0: Swinging Strike
0-1: Swinging Strike
0-2: Strikes out looking
Batting: RHB Rafael Abreu 0-0: Foul Ball, location: 2F
0-1: Ball
1-1: Foul Ball, location: 2F
1-2: Foul Ball, location: 2F
1-2: Ground out 1-3 (Groundball, 13S)
Batting: RHB Dave Young 0-0: Ball
1-0: Foul Ball, location: 2F
1-1: Called Strike
1-2: Ball
2-2: DOUBLE (Line Drive, 9LM)
Batting: LHB Jim Unknown 0-0: Swinging Strike
0-1: Ball
1-1: Foul Ball, location: 2F
1-2: Ball
2-2: Ground out 4-3 (Groundball, 4)
Bottom of the 6th over - 0 run(s), 1 hit(s), 0 error(s), 1 left on base; Irving 2 - Huntington Beach 2
TOP OF THE 7TH
Irving Blue Sox batting - Pitching for Huntington Beach Surf : RHP Hollis Young
Batting: LHB Raymond Thomas 0-0: Called Strike
0-1: Ball
1-1: Ball
2-1: SINGLE (Popup, 56D)
Pitching: RHP Michael McGinnity
Pinch Hitting: LHB Will Sherman 0-0: Ball
1-0: Bunted foul
1-1: Bunted foul
1-2: Grounds into double play, 6-4-3 (Groundball, 6)
Pinch Hitting: RHB Cal Robinson 0-0: Ball
1-0: Ball
2-0: Called Strike
2-1: Fly out, F9 (Line Drive, 9LM)
Top of the 7th over - 0 run(s), 1 hit(s), 0 error(s), 0 left on base; Irving 2 - Huntington Beach 2
BOTTOM OF THE 7TH
Huntington Beach Surf batting - Pitching for Irving Blue Sox : LHP Jim Unknown
Now at 1B: Will Sherman
Now in CF: Cal Robinson
Batting: RHB Barry Martínez 0-0: Foul Ball, location: 2F
0-1: Ball
1-1: Foul Ball, location: 2F
1-2: Fly out, F8 (Flyball, 8RD)
Pinch Hitting: LHB Brad Shockley 0-0: Called Strike
0-1: Ball
1-1: Fly out, F8 (Flyball, 8RD)
Batting: RHB Shaun Bowles 0-0: Ball
1-0: SINGLE (Groundball, 3L)
Pitching: RHP Gene Anderson
Pinch Hitting: RHB Millard Watson 0-0: Fly out, F7 (Flyball, 78S)
Bottom of the 7th over - 0 run(s), 1 hit(s), 0 error(s), 1 left on base; Irving 2 - Huntington Beach 2
TOP OF THE 8TH
Irving Blue Sox batting - Pitching for Huntington Beach Surf : RHP Michael McGinnity
Now at 1B: Brad Shockley
Now at 3B: Greg Keys
Pinch Hitting: LHB Mark Crawford 0-0: Ball
1-0: Called Strike
1-1: Ball
2-1: Ball
3-1: Base on Balls
Pinch Hitting: LHB Brian Jones 0-0: Called Strike
0-1: Ball
1-1: Ball
2-1: Bunted foul
2-2: Strikes out looking
Pinch Hitting: RHB Tom Harris 0-0: Ball
1-0: Called Strike
1-1: Ball
2-1: Fly out, F2 (Popup, 2RF)
Batting: RHB Jim Unknown 0-0: Ground out 5-3 (Groundball, 5S)
Top of the 8th over - 0 run(s), 0 hit(s), 0 error(s), 1 left on base; Irving 2 - Huntington Beach 2
BOTTOM OF THE 8TH
Huntington Beach Surf batting - Pitching for Irving Blue Sox : RHP Gene Anderson
Now at 2B: Tom Harris
Now at 3B: Victor Eveson
Now in LF: Mark Crawford
Pinch Hitting: RHB Juan García 0-0: Ball
1-0: Foul Ball, location: 2F
1-1: Swinging Strike
1-2: Foul Ball, location: 2F
1-2: Ball
2-2: Ball
3-2: Foul Ball, location: 2F
3-2: Foul Ball, location: 2F
3-2: Fly out, F9 (Flyball, 9D)
Batting: RHB James Peterson 0-0: Ball
1-0: Foul Ball, location: 2F
1-1: Ball
2-1: Ball
3-1: Ground out 6-3 (Groundball, 6)
Batting: RHB Rafael Abreu 0-0: Foul Ball, location: 2F
0-1: Foul Ball, location: 2F
0-2: Strikes out swinging
Bottom of the 8th over - 0 run(s), 0 hit(s), 0 error(s), 0 left on base; Irving 2 - Huntington Beach 2
TOP OF THE 9TH
Irving Blue Sox batting - Pitching for Huntington Beach Surf : RHP Michael McGinnity
Pitching: RHP Jim Unknown
Now in CF: Juan García
Batting: LHB Mathew Rose 0-0: Ball
1-0: Foul Ball, location: 2F
1-1: SINGLE (Groundball, 34D)
Batting: RHB Dennis Newell 0-0: Ball
1-0: Bunted foul
1-1: Bunted foul
1-2: Ball
2-2: Ball
3-2: TRIPLE (Groundball, 5L)
Mathew Rose scores
Batting: LHB Raymond Thomas 0-0: Ball
1-0: SINGLE (Groundball, 34D)
Dennis Newell scores
Pitching: LHP Juan Correa
Batting: LHB Will Sherman 0-0: Ball
1-0: Ball
2-0: Called Strike
2-1: Called Strike
2-2: Foul Ball, location: 2F
2-2: Ball
3-2: Base on Balls
Raymond Thomas to second
Batting: RHB Cal Robinson 0-0: Ball
1-0: Swinging Strike
1-1: Ball
2-1: SINGLE (Groundball, 4MD)
Raymond Thomas to third
Will Sherman to second
Runner from 3rd tries for Home, SAFE, no throw or cutoff
Batting: LHB Mark Crawford 0-0: Ball
1-0: Swinging Strike
1-1: Called Strike
1-2: Strikes out swinging
Batting: RHB Victor Eveson 0-0: Foul Ball, location: 2F
0-1: Grounds into double play, U4-3 (Groundball, 4M)
Top of the 9th over - 3 run(s), 4 hit(s), 0 error(s), 1 left on base; Irving 5 - Huntington Beach 2
BOTTOM OF THE 9TH
Huntington Beach Surf batting - Pitching for Irving Blue Sox : RHP Gene Anderson
Pitching: LHP Bryan Jones
Batting: RHB Dave Young 0-0: Ball
1-0: Ball
2-0: SINGLE (Groundball, 4MD)
Batting: LHB Jim Unknown 0-0: Ball
1-0: Called Strike
1-1: Ball
2-1: SINGLE (Groundball, 3)
Dave Young to second
Runner from 2nd tries for 3rd, SAFE, throw made to third
Batting: RHB Barry Martínez 0-0: Called Strike
0-1: Ball
1-1: Called Strike
1-2: Foul Ball, location: 2F
1-2: Fly out, F8 (Flyball, 78XD)
Runner from 3rd tags up, SCORES, no throw
Batting: LHB Brad Shockley 0-0: Ball
1-0: Ball
2-0: Grounds into double play, 4-6-3 (Groundball, 4)
Bottom of the 9th over - 1 run(s), 2 hit(s), 0 error(s), 0 left on base; Irving 5 - Huntington Beach 3
This league is powered by Out of the Park Baseball, the baseball management simulation game for PC, Mac and Linux
Saturday, February 27th, 2021 - OOTP Baseball 15.6 Build 34